 Dungeon Crawl Stone Soup version 0.21.1-1-g345015f (webtiles) character file.

357 HammerPanzer the Cudgeler (level 6, -1/50 HPs)
             Began as a Demonspawn Berserker on Apr 4, 2018.
             Was a Believer of Trog.
             Killed from afar by a phantom (17 damage)
             ... with an exploding inner flame
             ... hexed by the player character
             ... on level 3 of the Dungeon.
             The game lasted 00:08:18 (2458 turns).

HammerPanzer the Cudgeler (Demonspawn Berserker)    Turns: 2458, Time: 00:08:18

Health: -1/50      AC: 12    Str: 25    XL:     6   Next: 37%
Magic:  6/6        EV:  4    Int:  8    God:    Trog [**....]
Gold:   123        SH:  8    Dex: 16    Spells: 5/5 levels left

rFire    + . .     SeeInvis .   a - +0 mace
rCold    . . .     Gourm    .   m - +0 shield
rNeg     + . .     Faith    .   o - +0 plate armour
rPois    .         Spirit   .   (helmet restricted)
rElec    .         Reflect  .   r - +0 cloak {MR+}
rCorr    .         Harm     .   u - +0 pair of gloves
MR       +....                  (no boots)
Stlth    ..........             t - amulet of magic regeneration
HPRegen  0.16/turn              l - ring of positive energy
MPRegen  0.35/turn              (no ring)

@: mighty, berserk cooldown, slowed, very slow
A: antennae 1, thin skeletal structure 2, fire resistance 1, powered by pain 1
a: Berserk, Trog's Hand, Burn Spellbooks, Renounce Religion


You were on level 3 of the Dungeon.
You worshipped Trog.
Trog was pleased with you.
You were very hungry.

You visited 1 branch of the dungeon, and saw 3 of its levels.

You collected 123 gold pieces.

Inventory:

Hand Weapons
 a - a +0 mace (weapon)
Armour
 m - a +0 shield (worn)
 o - a +0 plate armour (worn)
 r - a +0 cloak of magic resistance (worn)
 u - a +0 pair of gloves (worn)
Jewellery
 l - a ring of positive energy (left hand)
 t - an amulet of magic regeneration (around neck)
Scrolls
 d - 4 scrolls of identify {unknown}
 e - 2 scrolls of remove curse {unknown}
 f - 2 scrolls of blinking {unknown}
 i - 2 scrolls of enchant weapon {unknown}
 j - 2 scrolls of teleportation {unknown}
Potions
 g - a potion of brilliance {unknown}
 h - a potion of mutation {unknown}
 n - a potion of heal wounds {unknown}
 p - a potion of berserk rage {unknown}
 q - a potion of degeneration {unknown}
 s - a potion of might {unknown}
 v - a potion of curing {unknown}
Comestibles
 c - 7 rations
 k - 12 chunks of flesh


   Skills:
 + Level 4.8 Fighting
 * Level 5.6 Maces & Flails
 - Level 1.7 Armour
 - Level 1.7 Dodging


You had 5 spell levels left.
You didn't know any spells.

Dungeon Overview and Level Annotations

Branches:
Dungeon (3/15)

Altars:
Ashenzari
Cheibriados
Fedhas
Gozag
Hepliaklqana
Nemelex Xobeh
Qazlal
Sif Muna
Yredelemnul
Zin


Innate Abilities, Weirdness & Mutations

You have a pair of small antennae on your head.
You have a moderately thin skeletal structure. (Dex +4, Stealth+)
Your flesh is heat resistant. (rF+)
You sometimes gain a little power by taking damage.


Message History

The giant cockroach bites you but does no damage.
The gnoll hits you from afar with a spear.
You block the kobold's attack.
Okay, then.
As you read the scroll labeled YNASUH SIRITU, it crumbles to dust.
The creatures around you are filled with an inner flame!
It was a scroll of immolation.
The giant cockroach bites you but does no damage.
The rat bites you but does no damage. You block the gnoll's attack.
The kobold hits you but does no damage. The rat completely misses you.
You sock the kobold!
The kobold explodes!
The fiery explosion engulfs you! You resist.
You focus on the pain.
You feel very mighty all of a sudden.
The fiery explosion engulfs the gnoll.
The gnoll explodes!
The fiery explosion engulfs the phantom.
The phantom explodes!
The fiery explosion engulfs you! You resist.
You die...

. ## ##### ##.. .##
##...##...% ..##
##.......... #..####
#........... ##....#
##.§rs)......
####.########..@§§§......
#.......(..#§§§§......
####.#....###.§§##....
#...####.# ..### ##<
#..### #.##.## . ...#
#.##. ...### ..##. #.
##... .


You could see a giant cockroach (inner flame) and a rat (inner flame).

Vanquished Creatures
  Sigmund (D:2)
  An orc wizard (D:3)
  Crazy Yiuf (D:2)
  3 gnolls (D:3)
  4 adders
  An ooze (D:3)
  2 worms (D:2)
  A dart slug (D:1)
  2 leopard geckos
  4 orcs (D:3)
  2 ball pythons
  4 giant cockroaches
  8 goblins
  4 hobgoblins
  8 jackals (D:1)
  6 kobolds
  A quokka (D:2)
  8 bats
  6 frilled lizards
  4 rats
  A spectral orc (D:2)
72 creatures vanquished.

Vanquished Creatures (others)
  A minotaur (D:1)
  A gargoyle (D:1)
  2 trolls (D:1)
  A spriggan (D:1)
  A human (D:1)
  A naga (D:1)
  A dwarf (D:1)
  A centaur (D:1)
  3 mummies (D:1)
  4 tentacles (D:1)
16 creatures vanquished.

Grand Total: 88 creatures vanquished

Notes
Turn   | Place    | Note
-------+----------+-------------------------------------------
     0 | D:1      | HammerPanzer the Demonspawn Berserker began the quest for the Orb.
     0 | D:1      | Reached XP level 1. HP: 18/18 MP: 1/1
     0 | D:1      | Noticed a minotaur
     0 | D:1      | Noticed a dwarf
     0 | D:1      | Noticed a centaur
     0 | D:1      | Noticed a spriggan
     0 | D:1      | Noticed a human
     0 | D:1      | Noticed a kraken
     0 | D:1      | Noticed a troll
     0 | D:1      | Noticed a gargoyle
     0 | D:1      | Noticed a troll
     0 | D:1      | Noticed a naga
     3 | D:1      | Killed a gargoyle
     5 | D:1      | Killed a troll
     5 | D:1      | Killed a spriggan
     5 | D:1      | Killed a troll
     8 | D:1      | Killed a human
     8 | D:1      | Killed a naga
    10 | D:1      | Killed a dwarf
    11 | D:1      | Killed a centaur
    11 | D:1      | Killed a minotaur
    89 | D:1      | Reached skill level 3 in Maces & Flails
    96 | D:1      | Gained mutation: You have a pair of small antennae on your head. [demonic ancestry]
    96 | D:1      | Reached XP level 2. HP: 24/24 MP: 2/2
   666 | D:1      | Reached ** piety under Trog
   866 | D:1      | Gained mutation: You have a somewhat thin skeletal structure. (Dex +2, Stealth) [demonic ancestry]
   866 | D:1      | Reached XP level 3. HP: 29/29 MP: 3/3
  1369 | D:2      | Found a basalt altar of Yredelemnul.
  1374 | D:2      | Reached skill level 4 in Maces & Flails
  1479 | D:2      | Noticed Sigmund
  1493 | D:2      | Killed Sigmund
  1493 | D:2      | Reached skill level 5 in Maces & Flails
  1493 | D:2      | Gained mutation: Your flesh is heat resistant. (rF+) [demonic ancestry]
  1493 | D:2      | Reached XP level 4. HP: 38/38 MP: 4/4
  1493 | D:2      | Gained mutation: You sometimes gain a little power by taking damage. [demonic ancestry]
  1493 | D:2      | Reached XP level 5. HP: 43/43 MP: 5/5
  1656 | D:2      | Found a runed door.
  1660 | D:2      | Noticed Crazy Yiuf
  1667 | D:2      | Killed Crazy Yiuf
  1818 | D:2      | Found a deep blue altar of Sif Muna.
  1824 | D:2      | Found a glowing silver altar of Zin.
  1825 | D:2      | Found a snail-covered altar of Cheibriados.
  1830 | D:2      | Found a shattered altar of Ashenzari.
  1835 | D:2      | Found an opulent altar of Gozag.
  1835 | D:2      | Found a hazy altar of Hepliaklqana.
  1835 | D:2      | Found a sparkling altar of Nemelex Xobeh.
  1836 | D:2      | Found a blossoming altar of Fedhas.
  2206 | D:3      | Gained mutation: You have a moderately thin skeletal structure. (Dex +4, Stealth+) [demonic ancestry]
  2206 | D:3      | Reached XP level 6. HP: 45/49 MP: 6/6
  2286 | D:3      | Found a stormy altar of Qazlal.
  2458 | D:3      | Killed from afar by a phantom

Skill      XL: |  1  2  3 |
---------------+----------+-----
Maces & Flails | 3 5 |  5.6
Fighting       | 4 |  4.8
Armour         | |  1.7
Dodging        | |  1.7

Action                   |  1- 3 |  4- 6 || total
-------------------------+-------+-------++-------
Melee: Mace              |   143 |   104 ||   247
Invok: Berserk           |     3 |     3 ||     6
  Use: Scroll            |       |     1 ||     1
  Eat: Chunk             |     4 |     6 ||    10
Armor: Animal skin       |    11 |       ||    11
       Leather armour    |     2 |       ||     2
       Plate armour      |    54 |   102 ||   156
Dodge: Dodged            |    68 |    17 ||    85
Block: Shield            |    34 |    56 ||    90
